GUELPH STORM vs WASHINGTON BLACKHAWKS
Created - 30 novembre 2025 at 21:21
Goals
|
| GUELPH STORM |
2 |
1 |
1 |
4 |
| WASHINGTON BLACKHAWKS |
1 |
1 |
1 |
3 |
|
Shots
|
| GUELPH STORM |
16 |
8 |
19 |
43 |
| WASHINGTON BLACKHAWKS |
7 |
18 |
15 |
40 |
|
1st period
1. WASHINGTON BLACKHAWKS , Danila Klimovich 9 (Jake Livingstone 4, Lleyton Roed 8) at 0:23
2. GUELPH STORM , Ty Mueller 2 (Jack Ahcan 7) at 13:36 (PP)
3. GUELPH STORM , Nikolai Kovalenko 13 (Christian Fischer 16, Skyler Brind'Amour 5) at 16:03
Penalties :
Lleyton Roed (WSH) for Interference (Minor) at 1:13, Ross Johnston (WSH) for Hooking (Minor) at 12:57
2nd period
4. GUELPH STORM , Ty Mueller 3 (Anton Wahlberg 4, Graeme Clarke 7) at 1:06
5. WASHINGTON BLACKHAWKS , Ross Johnston 6 (Samuel Lipkin 6, Mike Reilly 7) at 18:04
Penalties :
Viliam Kmec (WSH) for Holding (Minor) at 1:35, Rodwin Dionicio (GUE) for High sticking (Minor) at 11:43
3rd period
6. GUELPH STORM , Anton Wahlberg 12 (Ty Mueller 16, David Spacek 1) at 13:27 (PP)
7. WASHINGTON BLACKHAWKS , Mike Reilly 2 (Max Sasson 7, Brett Berard 7) at 19:41
Penalties :
Lleyton Roed (WSH) for Hooking (Minor) at 1:39, Danila Klimovich (WSH) for Slashing (Minor) at 8:13, Ross Johnston (WSH) for Hooking (Minor) at 11:45
Goalie Stats
Cayden Primeau (GUE), 37 saves from 40 shots - (0,925), W, 9-8-0, 60:00 minutes
Colten Ellis (WSH), 39 saves from 43 shots - (0,907), L, 9-5-1, 60:00 minutes
Players Stats for GUELPH STORM
Player Name G A P +/- PIM S H SB GA TA FO MP PP MP PK MP
------------------------------------------------------------------------------------
Alexis Gendron 0 0 0 0 0 2 0 1 0 0 0/0 17:39 0:00 0:37
Anton Wahlberg 1 1 2 0 0 5 5 0 0 0 5/6 20:51 5:51 1:01
Brandon Biro 0 0 0 0 0 4 1 0 0 0 9/21 17:50 0:00 0:48
Brett Harrison 0 0 0 0 0 2 2 0 0 0 1/2 17:02 0:00 0:00
Bryce McConnell-Barker 0 0 0 0 0 0 0 0 0 0 0/0 0:03 0:00 0:03
Christian Fischer 0 1 1 -1 0 6 2 2 0 0 6/21 21:45 4:26 0:36
David Spacek 0 1 1 1 0 0 4 1 0 0 0/0 27:34 5:01 0:42
Graeme Clarke 0 1 1 0 0 4 2 0 0 0 1/2 19:58 5:51 0:08
Isaac Belliveau 0 0 0 0 0 0 2 3 0 0 0/0 16:48 0:00 0:42
Jack Ahcan 0 1 1 -2 0 0 1 0 0 0 0/0 25:04 5:55 0:48
Jake Furlong 0 0 0 -2 0 0 1 0 0 0 0/0 27:56 5:16 0:21
Jakub Fibigr 0 0 0 0 0 0 0 0 0 0 0/0 2:02 0:00 0:45
Judd Caulfield 0 0 0 -1 0 1 1 0 0 0 3/4 19:21 4:26 0:00
Nikolai Kovalenko 1 0 1 -1 0 11 0 0 0 0 1/4 21:56 4:26 0:47
Rodwin Dionicio 0 0 0 1 2 1 8 1 0 0 0/0 19:55 4:22 0:00
Skyler Brind'Amour 0 1 1 0 0 0 0 0 0 0 2/2 1:48 0:00 0:00
Ty Mueller 2 1 3 0 0 7 0 0 0 0 15/32 20:28 5:51 0:38
Xavier Simoneau 0 0 0 0 0 0 0 0 0 0 0/0 0:00 0:00 0:00
Players Stats for WASHINGTON BLACKHAWKS
Player Name G A P +/- PIM S H SB GA TA FO MP PP MP PK MP
------------------------------------------------------------------------------------
Akito Hirose 0 0 0 0 0 0 0 1 0 0 0/0 5:33 0:39 1:23
Brett Berard 0 1 1 0 0 3 1 1 0 0 1/13 22:39 0:39 3:20
Danila Klimovich 1 0 1 0 2 8 4 0 0 0 7/14 24:30 0:33 5:03
Jake Livingstone 0 1 1 -1 0 3 1 1 0 0 0/0 25:04 1:26 5:08
Jon-Randall Avon 0 0 0 1 0 0 0 0 0 0 0/0 11:36 0:47 0:31
Kyle McDonald 0 0 0 0 0 0 0 0 0 0 0/0 1:31 0:47 0:00
Lleyton Roed 0 1 1 0 4 7 0 0 0 0 0/0 23:18 0:33 3:46
Max McCormick 0 0 0 0 0 0 0 0 0 0 0/0 0:00 0:00 0:00
Max Sasson 0 1 1 1 0 6 0 0 0 0 0/0 10:01 0:00 0:00
Mike Reilly 1 1 2 2 0 2 0 0 0 0 0/0 19:14 0:00 0:00
Nick DeSimone 0 0 0 2 0 0 1 0 0 0 0/0 24:25 0:33 4:47
Nikita Novikov 0 0 0 -1 0 2 2 2 0 0 0/0 30:19 0:47 5:08
Pierrick Dube 0 0 0 0 0 3 0 0 0 0 6/7 24:29 0:39 4:55
Ross Johnston 1 0 1 0 4 3 4 1 0 0 9/13 18:38 0:33 0:00
Ryan Tverberg 0 0 0 0 0 0 0 0 0 0 19/31 18:52 0:39 0:00
Samuel Lipkin 0 1 1 1 0 3 0 0 0 0 9/16 14:04 0:47 2:59
Viliam Kmec 0 0 0 0 2 0 1 0 0 0 0/0 15:24 0:33 4:08
Zack MacEwen 0 0 0 0 0 0 0 0 0 0 0/0 0:00 0:00 0:00
3 Stars
1 - Ty Mueller (GUE)
2 - Anton Wahlberg (GUE)
3 - Mike Reilly (WSH)
Power Play
GUELPH STORM - 2 on 6 Attempt(s) - 33,33%
WASHINGTON BLACKHAWKS - 0 on 1 Attempt(s) - 0,00%
Penalty Kill
GUELPH STORM - 1 on 1 Attempt(s) - 100,00%
- Score 0 goal in Penalty Kill
WASHINGTON BLACKHAWKS - 4 on 6 Attempt(s) - 66,67%
- Score 0 goal in Penalty Kill
Team Stat
GUELPH STORM - Hits : 29 - Faceoff Wins : 43 - Blocked Shots : 8 - Penalty Minutes : 2
WASHINGTON BLACKHAWKS - Hits : 14 - Faceoff Wins : 51 - Blocked Shots : 6 - Penalty Minutes : 12
Official
Referees : Jake Brenk and TJ Luxmore
Linesman : Robb Harrell and Matt MacPherson
Game Notes
No Game Note
GUELPH STORM
5 vs 5 Forward
Center Left Wing Right Wing Time % Phy DF OF
1 Christian Fischer Nikolai Kovalenko Judd Caulfield 36 1 2 2
2 Ty Mueller Anton Wahlberg Graeme Clarke 31 1 2 2
3 Brandon Biro Brett Harrison Alexis Gendron 23 1 2 2
4 Skyler Brind'Amour Nikolai Kovalenko Christian Fischer 10 1 2 2
5 vs 5 Defense
Defense Defense Time % Phy DF OF
1 Jake Furlong Jack Ahcan 36 1 2 2
2 Isaac Belliveau David Spacek 31 1 2 2
3 Jake Furlong Rodwin Dionicio 23 1 2 2
4 David Spacek Jack Ahcan 10 1 2 2
PowerPlay Forward
Center Left Wing Right Wing Time % Phy DF OF
1 Christian Fischer Nikolai Kovalenko Judd Caulfield 55 1 2 2
2 Ty Mueller Anton Wahlberg Graeme Clarke 45 1 2 2
PowerPlay Defense
Defense Defense Time % Phy DF OF
1 Jake Furlong Jack Ahcan 55 1 2 2
2 Rodwin Dionicio David Spacek 45 1 2 2
Penalty Kill 4 Players Forward
Center Wing Time % Phy DF OF
1 Nikolai Kovalenko Christian Fischer 55 1 2 2
2 Ty Mueller Anton Wahlberg 45 1 2 2
Penalty Kill 4 Players Defense
Defense Defense Time % Phy DF OF
1 Jake Furlong Jack Ahcan 55 1 2 2
2 Rodwin Dionicio David Spacek 45 1 2 2
Penalty Kill - 3 Players Forward
Forward Time % Phy DF OF
1 Nikolai Kovalenko 55 1 2 2
2 Christian Fischer 45 1 2 2
Penalty Kill - 3 Players Defense
Defense Defense Time % Phy DF OF
1 Jake Furlong Jack Ahcan 55 1 2 2
2 Rodwin Dionicio David Spacek 45 1 2 2
4 vs 4 Forward
Center Wing Time % Phy DF OF
1 Nikolai Kovalenko Christian Fischer 55 1 2 2
2 Ty Mueller Anton Wahlberg 45 1 2 2
4 vs 4 Defense
Defense Defense Time % Phy DF OF
1 Rodwin Dionicio Jack Ahcan 55 1 2 2
2 Jake Furlong David Spacek 45 1 2 2
Last Minutes Offensive
Center Left Wing Right Wing Defense Defense
Christian Fischer Nikolai Kovalenko Judd Caulfield David Spacek Jack Ahcan
Last Minutes Defensive
Center Left Wing Right Wing Defense Defense
Christian Fischer Nikolai Kovalenko Judd Caulfield David Spacek Jack Ahcan
Goaltenders
Starting : Cayden Primeau
Backup : Matt Tomkins
Extra Forwards
Normal : Xavier Simoneau, Bryce McConnell-Barker, Brandon Biro - PP : Xavier Simoneau, Bryce McConnell-Barker - PK : Brandon Biro
Extra Defensemen
Normal : Jake Furlong, Rodwin Dionicio, David Spacek - PP : Jake Furlong - PK : Rodwin Dionicio, Jack Ahcan
Penalty Shots
Nikolai Kovalenko, Christian Fischer, Ty Mueller, Anton Wahlberg, Brandon Biro
Scratches
Joshua Lopina (Healthy), Ben Meyers (Healthy), Joshua Roy (Healthy), Jake Schmaltz (Healthy), Kailer Yamamoto (Healthy)
Nikita Prishchepov (Healthy), Matthew Stienburg (Healthy), Nils Aman (Healthy), Luke Cavallin (Healthy)
WASHINGTON BLACKHAWKS
5 vs 5 Forward
Center Left Wing Right Wing Time % Phy DF OF
1 Ryan Tverberg Danila Klimovich Lleyton Roed 30 1 2 2
2 Ross Johnston Brett Berard Pierrick Dube 29 1 2 2
3 Brett Berard Pierrick Dube Max Sasson 23 1 2 2
4 Samuel Lipkin Ross Johnston Jon-Randall Avon 18 1 2 2
5 vs 5 Defense
Defense Defense Time % Phy DF OF
1 Nikita Novikov Jake Livingstone 36 1 2 2
2 Mike Reilly Nick DeSimone 31 1 2 2
3 Nikita Novikov Viliam Kmec 23 1 2 2
4 Nikita Novikov Jake Livingstone 10 1 2 2
PowerPlay Forward
Center Left Wing Right Wing Time % Phy DF OF
1 Ryan Tverberg Pierrick Dube Brett Berard 55 1 2 2
2 Danila Klimovich Lleyton Roed Ross Johnston 45 1 2 2
PowerPlay Defense
Defense Defense Time % Phy DF OF
1 Nikita Novikov Jake Livingstone 55 1 2 2
2 Viliam Kmec Nick DeSimone 45 1 2 2
Penalty Kill 4 Players Forward
Center Wing Time % Phy DF OF
1 Danila Klimovich Lleyton Roed 55 1 2 2
2 Pierrick Dube Brett Berard 45 1 2 2
Penalty Kill 4 Players Defense
Defense Defense Time % Phy DF OF
1 Jake Livingstone Nikita Novikov 55 1 2 2
2 Nick DeSimone Viliam Kmec 45 1 2 2
Penalty Kill - 3 Players Forward
Forward Time % Phy DF OF
1 Pierrick Dube 55 1 2 2
2 Ryan Tverberg 45 1 2 2
Penalty Kill - 3 Players Defense
Defense Defense Time % Phy DF OF
1 Jake Livingstone Nikita Novikov 55 1 2 2
2 Viliam Kmec Nick DeSimone 45 1 2 2
4 vs 4 Forward
Center Wing Time % Phy DF OF
1 Brett Berard Ryan Tverberg 55 1 2 2
2 Danila Klimovich Pierrick Dube 45 1 2 2
4 vs 4 Defense
Defense Defense Time % Phy DF OF
1 Nikita Novikov Jake Livingstone 55 1 2 2
2 Nick DeSimone Viliam Kmec 45 1 2 2
Last Minutes Offensive
Center Left Wing Right Wing Defense Defense
Danila Klimovich Brett Berard Lleyton Roed Nikita Novikov Jake Livingstone
Last Minutes Defensive
Center Left Wing Right Wing Defense Defense
Danila Klimovich Brett Berard Lleyton Roed Nikita Novikov Jake Livingstone
Goaltenders
Starting : Colten Ellis
Backup : Pheonix Copley
Extra Forwards
Normal : Brett Berard, Lleyton Roed, Pierrick Dube - PP : Pierrick Dube, Ross Johnston - PK : Pierrick Dube
Extra Defensemen
Normal : Jake Livingstone, Nikita Novikov, Nick DeSimone - PP : Jake Livingstone - PK : Nick DeSimone, Nikita Novikov
Penalty Shots
Pierrick Dube, Lleyton Roed, Ross Johnston, Max Sasson, Ryan Tverberg
Scratches
Andreas Englund (Healthy), Brady Stonehouse (Healthy), Cooper Flinton (Healthy), Marshall Warren (Healthy), Max Wanner (Healthy)
Oliver Kylington (Healthy), Josh Filmon (Healthy), Ryan Hofer (Healthy), Quinn Hutson (Healthy), Olivier Rodrigue (Healthy)
William Rousseau (Healthy), Vadim Zherenko (Healthy)
% Time on Ice - GUELPH STORM
Lines # - Real PCT - Wanted PCT - Time Play
Normal Forward
1 - 31% - 36% - 14:37
2 - 29% - 31% - 13:59
3 - 36% - 23% - 17:02
4 - 4% - 10% - 1:48
Normal Defense
1 - 25% - 36% - 11:56
2 - 31% - 31% - 14:43
3 - 32% - 23% - 15:08
4 - 12% - 10% - 5:39
PP Forward
1 - 43% - 55% - 4:26
2 - 57% - 45% - 5:51
PP Defense
1 - 58% - 55% - 5:55
2 - 42% - 45% - 4:22
PK Forward
1 - 68% - 55% - 1:21
2 - 32% - 45% - 0:38
PK Defense
1 - 59% - 55% - 1:10
2 - 41% - 45% - 0:49
PK3 Forward
1 - 0% - 55%
2 - 0% - 45%
PK3 Defense
1 - 0% - 55%
2 - 0% - 45%
44 Forward
1 - 0% - 55%
2 - 0% - 45%
44 Defense
1 - 0% - 55%
2 - 0% - 45%
Last Minute Offensive - 0:00
Last Minute Defensive - 0:18
Total
Forward - 60:00
Defense - 60:00
|
% Time on Ice - WASHINGTON BLACKHAWKS
Lines # - Real PCT - Wanted PCT - Time Play
Normal Forward
1 - 38% - 30% - 18:13
2 - 19% - 29% - 8:54
3 - 21% - 23% - 10:01
4 - 22% - 18% - 10:18
Normal Defense
1 - 35% - 36% - 16:26
2 - 41% - 31% - 19:14
3 - 23% - 23% - 10:44
4 - 2% - 10% - 1:02
PP Forward
1 - 33% - 55% - 0:39
2 - 67% - 45% - 1:20
PP Defense
1 - 72% - 55% - 1:26
2 - 28% - 45% - 0:33
PK Forward
1 - 68% - 55% - 6:57
2 - 32% - 45% - 3:20
PK Defense
1 - 50% - 55% - 5:08
2 - 50% - 45% - 5:09
PK3 Forward
1 - 0% - 55%
2 - 0% - 45%
PK3 Defense
1 - 0% - 55%
2 - 0% - 45%
44 Forward
1 - 0% - 55%
2 - 0% - 45%
44 Defense
1 - 0% - 55%
2 - 0% - 45%
Last Minute Offensive - 0:18
Last Minute Defensive - 0:00
Total
Forward - 60:00
Defense - 60:00
|
Play-by-Play
1st period
0:01 of 1st period - Christian Fischer wins face-off versus Ryan Tverberg in neutral zone.
0:23 of 1st period - Shot by Danila Klimovich.
0:23 of 1st period - Goal by Danila Klimovich - GUELPH STORM : 0 - WASHINGTON BLACKHAWKS : 1.
0:24 of 1st period - Anton Wahlberg wins face-off versus Ross Johnston in neutral zone.
1:13 of 1st period - Minor Penalty to Lleyton Roed for Interference.
1:14 of 1st period - Christian Fischer wins face-off versus Danila Klimovich in WASHINGTON BLACKHAWKS zone.
1:25 of 1st period - Shot by Christian Fischer.
1:25 of 1st period - Stopped by Colten Ellis without a rebound.
1:26 of 1st period - Danila Klimovich wins face-off versus Christian Fischer in WASHINGTON BLACKHAWKS zone.
2:13 of 1st period - Brett Berard is hit by Anton Wahlberg and loses puck.
2:30 of 1st period - Icing by Ty Mueller.
2:31 of 1st period - Ty Mueller wins face-off versus Samuel Lipkin in GUELPH STORM zone.
2:31 of 1st period - Ty Mueller is hit by Danila Klimovich.
2:48 of 1st period - Shot by Graeme Clarke.
2:48 of 1st period - Shot Misses the Net.
2:52 of 1st period - Shot by Graeme Clarke.
2:52 of 1st period - Shot Misses the Net.
3:02 of 1st period - Shot by Nikolai Kovalenko.
3:02 of 1st period - Deflect By Christian Fischer.
3:02 of 1st period - Shot Misses the Net.
3:25 of 1st period - Off-side.
3:26 of 1st period - Samuel Lipkin wins face-off versus Brandon Biro in neutral zone.
4:46 of 1st period - Pierrick Dube is hit by David Spacek and loses puck.
4:59 of 1st period - Shot by Lleyton Roed.
4:59 of 1st period - Stopped by Cayden Primeau without a rebound.
5:00 of 1st period - Ty Mueller wins face-off versus Ryan Tverberg in GUELPH STORM zone.
5:13 of 1st period - Icing by Nikita Novikov.
5:14 of 1st period - Ryan Tverberg wins face-off versus Ty Mueller in WASHINGTON BLACKHAWKS zone.
6:08 of 1st period - Shot by Nikolai Kovalenko.
6:08 of 1st period - Stopped by Colten Ellis without a rebound.
6:09 of 1st period - Brett Harrison wins face-off versus Brett Berard in WASHINGTON BLACKHAWKS zone.
6:14 of 1st period - Shot by Brett Harrison.
6:14 of 1st period - Shot Misses the Net.
6:16 of 1st period - Shot by Isaac Belliveau.
6:16 of 1st period - Shot Misses the Net.
6:28 of 1st period - Shot by Brandon Biro.
6:28 of 1st period - Shot Misses the Net.
6:30 of 1st period - Shot by Brandon Biro.
6:30 of 1st period - Stopped by Colten Ellis without a rebound.
6:31 of 1st period - Samuel Lipkin wins face-off versus Judd Caulfield in WASHINGTON BLACKHAWKS zone.
6:40 of 1st period - Shot by Ross Johnston.
6:40 of 1st period - Shot Misses the Net.
7:02 of 1st period - Shot by Nikolai Kovalenko.
7:02 of 1st period - Stopped by Colten Ellis without a rebound.
7:03 of 1st period - Graeme Clarke wins face-off versus Brett Berard in WASHINGTON BLACKHAWKS zone.
7:10 of 1st period - Shot by Anton Wahlberg.
7:10 of 1st period - Deflect By Graeme Clarke.
7:10 of 1st period - Shot Misses the Net.
7:12 of 1st period - Shot by Anton Wahlberg.
7:12 of 1st period - Shot Misses the Net.
7:15 of 1st period - Ty Mueller is hit by Nikita Novikov and loses puck.
7:18 of 1st period - Shot by Ty Mueller.
7:18 of 1st period - Stopped by Colten Ellis without a rebound.
7:19 of 1st period - Ryan Tverberg wins face-off versus Brandon Biro in WASHINGTON BLACKHAWKS zone.
7:24 of 1st period - Shot by Danila Klimovich.
7:24 of 1st period - Stopped by Cayden Primeau without a rebound.
7:25 of 1st period - Ryan Tverberg wins face-off versus Ty Mueller in GUELPH STORM zone.
8:27 of 1st period - Shot by Nikolai Kovalenko.
8:27 of 1st period - Shot Misses the Net.
9:21 of 1st period - Shot by Samuel Lipkin.
9:21 of 1st period - Deflect By Danila Klimovich.
9:21 of 1st period - Shot Misses the Net.
9:29 of 1st period - Shot by Brandon Biro.
9:29 of 1st period - Stopped by Colten Ellis with a rebound.
9:35 of 1st period - Shot by Danila Klimovich.
9:35 of 1st period - Stopped by Cayden Primeau without a rebound.
9:36 of 1st period - Ryan Tverberg wins face-off versus Ty Mueller in GUELPH STORM zone.
9:39 of 1st period - Shot by Lleyton Roed.
9:39 of 1st period - Shot Misses the Net.
9:41 of 1st period - Shot by Jake Livingstone.
9:41 of 1st period - Stopped by Cayden Primeau without a rebound.
9:42 of 1st period - Ty Mueller wins face-off versus Samuel Lipkin in GUELPH STORM zone.
9:49 of 1st period - Akito Hirose is hit by Anton Wahlberg and loses puck.
9:53 of 1st period - Icing by Akito Hirose.
9:54 of 1st period - Ross Johnston wins face-off versus Brandon Biro in WASHINGTON BLACKHAWKS zone.
9:54 of 1st period - Ross Johnston is hit by Brett Harrison.
10:39 of 1st period - Icing by Brett Berard.
10:40 of 1st period - Pierrick Dube wins face-off versus Christian Fischer in WASHINGTON BLACKHAWKS zone.
11:16 of 1st period - Shot by Christian Fischer.
11:16 of 1st period - Shot Misses the Net.
11:42 of 1st period - Shot by Anton Wahlberg.
11:42 of 1st period - Stopped by Colten Ellis without a rebound.
11:43 of 1st period - Brandon Biro wins face-off versus Ryan Tverberg in WASHINGTON BLACKHAWKS zone.
11:44 of 1st period - Shot by Alexis Gendron.
11:44 of 1st period - Stopped by Colten Ellis without a rebound.
11:45 of 1st period - Ryan Tverberg wins face-off versus Brandon Biro in WASHINGTON BLACKHAWKS zone.
11:45 of 1st period - Danila Klimovich is hit by Brandon Biro and loses puck.
11:54 of 1st period - Shot by Lleyton Roed.
11:54 of 1st period - Shot Misses the Net.
12:57 of 1st period - Minor Penalty to Ross Johnston for Hooking.
12:58 of 1st period - Christian Fischer wins face-off versus Brett Berard in WASHINGTON BLACKHAWKS zone.
13:07 of 1st period - Shot by Nikolai Kovalenko.
13:07 of 1st period - Stopped by Colten Ellis without a rebound.
13:08 of 1st period - Pierrick Dube wins face-off versus Ty Mueller in WASHINGTON BLACKHAWKS zone.
13:36 of 1st period - Shot by Ty Mueller.
13:36 of 1st period - Goal by Ty Mueller - GUELPH STORM : 1 - WASHINGTON BLACKHAWKS : 1.
13:37 of 1st period - Samuel Lipkin wins face-off versus Christian Fischer in neutral zone.
13:37 of 1st period - Ross Johnston is hit by Christian Fischer and loses puck.
14:07 of 1st period - Shot by Christian Fischer.
14:07 of 1st period - Shot Misses the Net.
14:19 of 1st period - Icing by Nikita Novikov.
14:20 of 1st period - Samuel Lipkin wins face-off versus Ty Mueller in WASHINGTON BLACKHAWKS zone.
14:46 of 1st period - Shot by Graeme Clarke.
14:46 of 1st period - Shot Blocked by Brett Berard.
15:31 of 1st period - Shot by Lleyton Roed.
15:31 of 1st period - Stopped by Cayden Primeau without a rebound.
15:32 of 1st period - Skyler Brind'Amour wins face-off versus Ryan Tverberg in GUELPH STORM zone.
15:32 of 1st period - Skyler Brind'Amour is hit by Danila Klimovich.
16:01 of 1st period - Shot by Nikolai Kovalenko.
16:01 of 1st period - Shot Blocked by Jake Livingstone.
16:03 of 1st period - Shot by Nikolai Kovalenko.
16:03 of 1st period - Goal by Nikolai Kovalenko - GUELPH STORM : 2 - WASHINGTON BLACKHAWKS : 1.
16:04 of 1st period - Anton Wahlberg wins face-off versus Samuel Lipkin in neutral zone.
16:07 of 1st period - Shot by Graeme Clarke.
16:07 of 1st period - Stopped by Colten Ellis with a rebound.
16:09 of 1st period - Shot by Ty Mueller.
16:09 of 1st period - Stopped by Colten Ellis without a rebound.
16:10 of 1st period - Ty Mueller wins face-off versus Brett Berard in WASHINGTON BLACKHAWKS zone.
16:11 of 1st period - Shot by Graeme Clarke.
16:11 of 1st period - Stopped by Colten Ellis without a rebound.
16:12 of 1st period - Ty Mueller wins face-off versus Brett Berard in WASHINGTON BLACKHAWKS zone.
16:12 of 1st period - Ty Mueller is hit by Nick DeSimone.
16:26 of 1st period - Shot by Anton Wahlberg.
16:26 of 1st period - Stopped by Colten Ellis without a rebound.
16:27 of 1st period - Judd Caulfield wins face-off versus Ryan Tverberg in WASHINGTON BLACKHAWKS zone.
16:32 of 1st period - Shot by Nikolai Kovalenko.
16:32 of 1st period - Deflect By Christian Fischer.
16:32 of 1st period - Stopped by Colten Ellis without a rebound.
16:33 of 1st period - Christian Fischer wins face-off versus Ross Johnston in WASHINGTON BLACKHAWKS zone.
16:34 of 1st period - Shot by Nikolai Kovalenko.
16:34 of 1st period - Shot Misses the Net.
16:42 of 1st period - Icing by Nikolai Kovalenko.
16:43 of 1st period - Ryan Tverberg wins face-off versus Christian Fischer in GUELPH STORM zone.
16:51 of 1st period - Shot by Danila Klimovich.
16:51 of 1st period - Shot Blocked by Isaac Belliveau.
18:33 of 1st period - Icing by Rodwin Dionicio.
18:34 of 1st period - Ross Johnston wins face-off versus Brandon Biro in GUELPH STORM zone.
18:44 of 1st period - Pierrick Dube is hit by Rodwin Dionicio and loses puck.
18:49 of 1st period - Shot by Brett Berard.
18:49 of 1st period - Shot Hit the Post.
19:03 of 1st period - Shot by Brett Berard.
19:03 of 1st period - Shot Misses the Net.
19:24 of 1st period - Shot by Samuel Lipkin.
19:24 of 1st period - Shot Hit the Post.
19:26 of 1st period - Shot by Viliam Kmec.
19:26 of 1st period - Shot Misses the Net.
19:32 of 1st period - Shot by Samuel Lipkin.
19:32 of 1st period - Stopped by Cayden Primeau with a rebound.
Goals for this period are 2 for GUELPH STORM vs 1 for WASHINGTON BLACKHAWKS.
Shots for this period are 16 for GUELPH STORM vs 7 for WASHINGTON BLACKHAWKS.
2nd period
0:01 of 2nd period - Ross Johnston wins face-off versus Christian Fischer in neutral zone.
0:26 of 2nd period - Shot by Ross Johnston.
0:26 of 2nd period - Shot Misses the Net.
0:37 of 2nd period - Christian Fischer is hit by Nikita Novikov and loses puck.
0:40 of 2nd period - Shot by Nikolai Kovalenko.
0:40 of 2nd period - Shot Misses the Net.
1:04 of 2nd period - Shot by Anton Wahlberg.
1:04 of 2nd period - Shot Misses the Net.
1:06 of 2nd period - Shot by Ty Mueller.
1:06 of 2nd period - Goal by Ty Mueller - GUELPH STORM : 3 - WASHINGTON BLACKHAWKS : 1.
1:07 of 2nd period - Danila Klimovich wins face-off versus Brandon Biro in neutral zone.
1:15 of 2nd period - Lleyton Roed is hit by Rodwin Dionicio and loses puck.
1:32 of 2nd period - Shot by Brett Harrison.
1:32 of 2nd period - Shot Misses the Net.
1:34 of 2nd period - Shot by Brandon Biro.
1:34 of 2nd period - Stopped by Colten Ellis without a rebound.
1:35 of 2nd period - Ty Mueller wins face-off versus Ryan Tverberg in WASHINGTON BLACKHAWKS zone.
1:35 of 2nd period - Minor Penalty to Viliam Kmec for Holding.
1:36 of 2nd period - Anton Wahlberg wins face-off versus Danila Klimovich in WASHINGTON BLACKHAWKS zone.
2:09 of 2nd period - Shot by Graeme Clarke.
2:09 of 2nd period - Shot Blocked by Akito Hirose.
2:11 of 2nd period - Shot by Rodwin Dionicio.
2:11 of 2nd period - Stopped by Colten Ellis without a rebound.
2:12 of 2nd period - Christian Fischer wins face-off versus Pierrick Dube in WASHINGTON BLACKHAWKS zone.
2:25 of 2nd period - Shot by Nikolai Kovalenko.
2:25 of 2nd period - Stopped by Colten Ellis with a rebound.
2:27 of 2nd period - Shot by Christian Fischer.
2:27 of 2nd period - Stopped by Colten Ellis with a rebound.
2:29 of 2nd period - Shot by Nikolai Kovalenko.
2:29 of 2nd period - Stopped by Colten Ellis without a rebound.
2:30 of 2nd period - Danila Klimovich wins face-off versus Ty Mueller in WASHINGTON BLACKHAWKS zone.
2:35 of 2nd period - Nikita Novikov is hit by Anton Wahlberg and loses puck.
2:45 of 2nd period - Shot by Graeme Clarke.
2:45 of 2nd period - Stopped by Colten Ellis with a rebound.
3:19 of 2nd period - Shot by Christian Fischer.
3:19 of 2nd period - Shot Misses the Net.
3:28 of 2nd period - Icing by Nikolai Kovalenko.
3:29 of 2nd period - Pierrick Dube wins face-off versus Nikolai Kovalenko in GUELPH STORM zone.
3:35 of 2nd period - Icing by Christian Fischer.
3:36 of 2nd period - Samuel Lipkin wins face-off versus Brandon Biro in GUELPH STORM zone.
3:59 of 2nd period - Shot by Ross Johnston.
3:59 of 2nd period - Shot Blocked by Isaac Belliveau.
4:01 of 2nd period - Shot by Ross Johnston.
4:01 of 2nd period - Shot Misses the Net.
4:05 of 2nd period - Shot by Ross Johnston.
4:05 of 2nd period - Stopped by Cayden Primeau with a rebound.
4:27 of 2nd period - Shot by Brett Berard.
4:27 of 2nd period - Shot Hit the Post.
4:31 of 2nd period - Shot by Max Sasson.
4:31 of 2nd period - Stopped by Cayden Primeau without a rebound.
4:32 of 2nd period - Nikolai Kovalenko wins face-off versus Ryan Tverberg in GUELPH STORM zone.
5:29 of 2nd period - Brett Berard is hit by Rodwin Dionicio and loses puck.
5:42 of 2nd period - Shot by Brett Berard.
5:42 of 2nd period - Stopped by Cayden Primeau with a rebound.
5:44 of 2nd period - Shot by Jake Livingstone.
5:44 of 2nd period - Stopped by Cayden Primeau without a rebound.
5:45 of 2nd period - Brandon Biro wins face-off versus Samuel Lipkin in GUELPH STORM zone.
6:03 of 2nd period - Icing by Rodwin Dionicio.
6:04 of 2nd period - Ryan Tverberg wins face-off versus Brandon Biro in GUELPH STORM zone.
6:25 of 2nd period - Shot by Lleyton Roed.
6:25 of 2nd period - Shot Misses the Net.
6:52 of 2nd period - Icing by Brett Harrison.
6:53 of 2nd period - Brett Berard wins face-off versus Brandon Biro in GUELPH STORM zone.
7:58 of 2nd period - Shot by Ross Johnston.
7:58 of 2nd period - Stopped by Cayden Primeau without a rebound.
7:59 of 2nd period - Ryan Tverberg wins face-off versus Christian Fischer in GUELPH STORM zone.
8:48 of 2nd period - Shot by Max Sasson.
8:48 of 2nd period - Shot Misses the Net.
8:50 of 2nd period - Shot by Mike Reilly.
8:50 of 2nd period - Stopped by Cayden Primeau with a rebound.
8:52 of 2nd period - Shot by Max Sasson.
8:52 of 2nd period - Stopped by Cayden Primeau with a rebound.
8:54 of 2nd period - Shot by Brett Berard.
8:54 of 2nd period - Shot Misses the Net.
9:02 of 2nd period - Shot by Pierrick Dube.
9:02 of 2nd period - Stopped by Cayden Primeau without a rebound.
9:03 of 2nd period - Samuel Lipkin wins face-off versus Ty Mueller in GUELPH STORM zone.
9:16 of 2nd period - Shot by Samuel Lipkin.
9:16 of 2nd period - Stopped by Cayden Primeau without a rebound.
9:17 of 2nd period - Ty Mueller wins face-off versus Brett Berard in GUELPH STORM zone.
9:28 of 2nd period - Shot by Max Sasson.
9:28 of 2nd period - Stopped by Cayden Primeau without a rebound.
9:29 of 2nd period - Ryan Tverberg wins face-off versus Ty Mueller in GUELPH STORM zone.
9:41 of 2nd period - Shot by Danila Klimovich.
9:41 of 2nd period - Shot Misses the Net.
9:43 of 2nd period - Shot by Nikita Novikov.
9:43 of 2nd period - Stopped by Cayden Primeau with a rebound.
9:51 of 2nd period - Nikita Novikov is hit by Graeme Clarke and loses puck.
10:02 of 2nd period - Shot by Danila Klimovich.
10:02 of 2nd period - Shot Misses the Net.
10:16 of 2nd period - Icing by Isaac Belliveau.
10:17 of 2nd period - Ross Johnston wins face-off versus Ty Mueller in GUELPH STORM zone.
10:20 of 2nd period - Shot by Pierrick Dube.
10:20 of 2nd period - Shot Misses the Net.
10:34 of 2nd period - Christian Fischer is hit by Ross Johnston and loses puck.
10:59 of 2nd period - Ross Johnston is hit by Judd Caulfield and loses puck.
11:13 of 2nd period - Nikolai Kovalenko is hit by Viliam Kmec.
11:24 of 2nd period - Lleyton Roed is hit by Rodwin Dionicio and loses puck.
11:38 of 2nd period - Shot by Danila Klimovich.
11:38 of 2nd period - Stopped by Cayden Primeau with a rebound.
11:43 of 2nd period - Minor Penalty to Rodwin Dionicio for High sticking.
11:44 of 2nd period - Ryan Tverberg wins face-off versus Ty Mueller in GUELPH STORM zone.
12:47 of 2nd period - Shot by Ross Johnston.
12:47 of 2nd period - Shot Misses the Net.
13:27 of 2nd period - Icing by Nikita Novikov.
13:28 of 2nd period - Samuel Lipkin wins face-off versus Nikolai Kovalenko in WASHINGTON BLACKHAWKS zone.
13:52 of 2nd period - Shot by Max Sasson.
13:52 of 2nd period - Stopped by Cayden Primeau with a rebound.
14:00 of 2nd period - Mike Reilly is hit by Brett Harrison and loses puck.
14:09 of 2nd period - Shot by Brett Berard.
14:09 of 2nd period - Shot Misses the Net.
14:11 of 2nd period - Shot by Max Sasson.
14:11 of 2nd period - Stopped by Cayden Primeau with a rebound.
14:43 of 2nd period - Danila Klimovich is hit by Rodwin Dionicio.
16:07 of 2nd period - Icing by Ty Mueller.
16:08 of 2nd period - Anton Wahlberg wins face-off versus Danila Klimovich in GUELPH STORM zone.
16:08 of 2nd period - Anton Wahlberg is hit by Danila Klimovich.
16:55 of 2nd period - Shot by Nikolai Kovalenko.
16:55 of 2nd period - Stopped by Colten Ellis without a rebound.
16:56 of 2nd period - Skyler Brind'Amour wins face-off versus Brett Berard in WASHINGTON BLACKHAWKS zone.
18:04 of 2nd period - Shot by Ross Johnston.
18:04 of 2nd period - Goal by Ross Johnston - GUELPH STORM : 3 - WASHINGTON BLACKHAWKS : 2.
18:05 of 2nd period - Ryan Tverberg wins face-off versus Graeme Clarke in neutral zone.
18:05 of 2nd period - Lleyton Roed is hit by Anton Wahlberg and loses puck.
18:19 of 2nd period - Danila Klimovich is hit by Rodwin Dionicio and loses puck.
18:28 of 2nd period - Shot by Danila Klimovich.
18:28 of 2nd period - Shot Misses the Net.
18:30 of 2nd period - Shot by Nikita Novikov.
18:30 of 2nd period - Stopped by Cayden Primeau without a rebound.
18:31 of 2nd period - Samuel Lipkin wins face-off versus Brett Harrison in GUELPH STORM zone.
18:31 of 2nd period - Samuel Lipkin is hit by Rodwin Dionicio.
19:30 of 2nd period - Shot by Brett Berard.
19:30 of 2nd period - Shot Blocked by Alexis Gendron.
19:32 of 2nd period - Shot by Brett Berard.
19:32 of 2nd period - Stopped by Cayden Primeau without a rebound.
19:33 of 2nd period - Ryan Tverberg wins face-off versus Ty Mueller in GUELPH STORM zone.
19:34 of 2nd period - Shot by Lleyton Roed.
19:34 of 2nd period - Stopped by Cayden Primeau without a rebound.
19:35 of 2nd period - Ryan Tverberg wins face-off versus Ty Mueller in GUELPH STORM zone.
19:36 of 2nd period - Shot by Danila Klimovich.
19:36 of 2nd period - Shot Misses the Net.
Goals for this period are 1 for GUELPH STORM vs 1 for WASHINGTON BLACKHAWKS.
Shots for this period are 8 for GUELPH STORM vs 18 for WASHINGTON BLACKHAWKS.
3rd period
0:01 of 3rd period - Ross Johnston wins face-off versus Christian Fischer in neutral zone.
0:16 of 3rd period - Shot by Brett Berard.
0:16 of 3rd period - Stopped by Cayden Primeau without a rebound.
0:17 of 3rd period - Ryan Tverberg wins face-off versus Anton Wahlberg in GUELPH STORM zone.
0:17 of 3rd period - Ryan Tverberg is hit by Isaac Belliveau.
0:21 of 3rd period - Shot by Danila Klimovich.
0:21 of 3rd period - Stopped by Cayden Primeau with a rebound.
0:29 of 3rd period - Shot by Danila Klimovich.
0:29 of 3rd period - Shot Misses the Net.
0:31 of 3rd period - Shot by Lleyton Roed.
0:31 of 3rd period - Stopped by Cayden Primeau without a rebound.
0:32 of 3rd period - Ross Johnston wins face-off versus Christian Fischer in GUELPH STORM zone.
1:02 of 3rd period - Shot by Ross Johnston.
1:02 of 3rd period - Shot Misses the Net.
1:04 of 3rd period - Shot by Brett Berard.
1:04 of 3rd period - Shot Misses the Net.
1:06 of 3rd period - Shot by Jake Livingstone.
1:06 of 3rd period - Shot Misses the Net.
1:39 of 3rd period - Minor Penalty to Lleyton Roed for Hooking.
1:40 of 3rd period - Danila Klimovich wins face-off versus Ty Mueller in WASHINGTON BLACKHAWKS zone.
2:40 of 3rd period - Shot by Nikolai Kovalenko.
2:40 of 3rd period - Stopped by Colten Ellis without a rebound.
2:41 of 3rd period - Danila Klimovich wins face-off versus Nikolai Kovalenko in WASHINGTON BLACKHAWKS zone.
2:52 of 3rd period - Shot by Christian Fischer.
2:52 of 3rd period - Stopped by Colten Ellis without a rebound.
2:53 of 3rd period - Danila Klimovich wins face-off versus Ty Mueller in WASHINGTON BLACKHAWKS zone.
3:36 of 3rd period - Icing by Nikolai Kovalenko.
3:37 of 3rd period - Judd Caulfield wins face-off versus Danila Klimovich in GUELPH STORM zone.
3:37 of 3rd period - Judd Caulfield is hit by Danila Klimovich.
3:49 of 3rd period - Shot by Brandon Biro.
3:49 of 3rd period - Stopped by Colten Ellis without a rebound.
3:50 of 3rd period - Brandon Biro wins face-off versus Ryan Tverberg in WASHINGTON BLACKHAWKS zone.
3:53 of 3rd period - Shot by Alexis Gendron.
3:53 of 3rd period - Shot Blocked by Nikita Novikov.
4:05 of 3rd period - Shot by Brett Harrison.
4:05 of 3rd period - Stopped by Colten Ellis without a rebound.
4:06 of 3rd period - Judd Caulfield wins face-off versus Ross Johnston in WASHINGTON BLACKHAWKS zone.
4:19 of 3rd period - Christian Fischer is hit by Ross Johnston.
5:01 of 3rd period - Off-side.
5:02 of 3rd period - Ryan Tverberg wins face-off versus Brandon Biro in neutral zone.
5:07 of 3rd period - Shot by Lleyton Roed.
5:07 of 3rd period - Shot Blocked by David Spacek.
5:09 of 3rd period - Shot by Jake Livingstone.
5:09 of 3rd period - Shot Misses the Net.
5:11 of 3rd period - Shot by Jake Livingstone.
5:11 of 3rd period - Stopped by Cayden Primeau with a rebound.
5:21 of 3rd period - Shot by Danila Klimovich.
5:21 of 3rd period - Stopped by Cayden Primeau without a rebound.
5:22 of 3rd period - Ryan Tverberg wins face-off versus Ty Mueller in GUELPH STORM zone.
5:24 of 3rd period - Lleyton Roed is hit by Rodwin Dionicio and loses puck.
5:35 of 3rd period - Shot by Lleyton Roed.
5:35 of 3rd period - Shot Blocked by Rodwin Dionicio.
5:39 of 3rd period - Shot by Danila Klimovich.
5:39 of 3rd period - Shot Misses the Net.
5:41 of 3rd period - Shot by Lleyton Roed.
5:41 of 3rd period - Stopped by Cayden Primeau with a rebound.
5:43 of 3rd period - Shot by Ryan Tverberg.
5:43 of 3rd period - Shot Misses the Net.
5:45 of 3rd period - Shot by Nikita Novikov.
5:45 of 3rd period - Shot Misses the Net.
5:47 of 3rd period - Shot by Nikita Novikov.
5:47 of 3rd period - Shot Misses the Net.
6:10 of 3rd period - Icing by Mike Reilly.
6:11 of 3rd period - Christian Fischer wins face-off versus Brett Berard in WASHINGTON BLACKHAWKS zone.
6:30 of 3rd period - Shot by Pierrick Dube.
6:30 of 3rd period - Stopped by Cayden Primeau with a rebound.
6:41 of 3rd period - Icing by Isaac Belliveau.
6:42 of 3rd period - Samuel Lipkin wins face-off versus Christian Fischer in GUELPH STORM zone.
7:19 of 3rd period - Shot by Ty Mueller.
7:19 of 3rd period - Deflect By Graeme Clarke.
7:19 of 3rd period - Shot Misses the Net.
7:31 of 3rd period - Ross Johnston is hit by Jack Ahcan.
7:41 of 3rd period - Shot by Graeme Clarke.
7:41 of 3rd period - Stopped by Colten Ellis without a rebound.
7:42 of 3rd period - Brandon Biro wins face-off versus Ryan Tverberg in WASHINGTON BLACKHAWKS zone.
8:03 of 3rd period - Shot by Alexis Gendron.
8:03 of 3rd period - Stopped by Colten Ellis with a rebound.
8:13 of 3rd period - Minor Penalty to Danila Klimovich for Slashing.
8:14 of 3rd period - Pierrick Dube wins face-off versus Ty Mueller in WASHINGTON BLACKHAWKS zone.
8:14 of 3rd period - Pierrick Dube is hit by Anton Wahlberg.
8:36 of 3rd period - Shot by Anton Wahlberg.
8:36 of 3rd period - Deflect By Ty Mueller.
8:36 of 3rd period - Stopped by Colten Ellis without a rebound.
8:37 of 3rd period - Pierrick Dube wins face-off versus Christian Fischer in WASHINGTON BLACKHAWKS zone.
8:52 of 3rd period - Shot by Christian Fischer.
8:52 of 3rd period - Shot Misses the Net.
9:38 of 3rd period - Shot by Anton Wahlberg.
9:38 of 3rd period - Stopped by Colten Ellis without a rebound.
9:39 of 3rd period - Pierrick Dube wins face-off versus Christian Fischer in WASHINGTON BLACKHAWKS zone.
9:39 of 3rd period - Pierrick Dube is hit by Christian Fischer.
9:49 of 3rd period - Shot by Brett Berard.
9:49 of 3rd period - Shot Blocked by Christian Fischer.
10:20 of 3rd period - Shot by Alexis Gendron.
10:20 of 3rd period - Shot Blocked by Ross Johnston.
10:28 of 3rd period - Shot by Ross Johnston.
10:28 of 3rd period - Deflect By Samuel Lipkin.
10:28 of 3rd period - Stopped by Cayden Primeau without a rebound.
10:29 of 3rd period - Ty Mueller wins face-off versus Brett Berard in GUELPH STORM zone.
10:37 of 3rd period - Anton Wahlberg is hit by Jake Livingstone and loses puck.
10:40 of 3rd period - Shot by Ty Mueller.
10:40 of 3rd period - Shot Misses the Net.
10:42 of 3rd period - Shot by Ty Mueller.
10:42 of 3rd period - Shot Blocked by Nikita Novikov.
10:58 of 3rd period - Shot by Ty Mueller.
10:58 of 3rd period - Stopped by Colten Ellis without a rebound.
10:59 of 3rd period - Brandon Biro wins face-off versus Samuel Lipkin in WASHINGTON BLACKHAWKS zone.
11:14 of 3rd period - Icing by Rodwin Dionicio.
11:15 of 3rd period - Ryan Tverberg wins face-off versus Brandon Biro in GUELPH STORM zone.
11:24 of 3rd period - Shot by Danila Klimovich.
11:24 of 3rd period - Stopped by Cayden Primeau without a rebound.
11:25 of 3rd period - Ross Johnston wins face-off versus Christian Fischer in GUELPH STORM zone.
11:25 of 3rd period - Brett Berard is hit by David Spacek and loses puck.
11:43 of 3rd period - Ross Johnston is hit by David Spacek and loses puck.
11:45 of 3rd period - Minor Penalty to Ross Johnston for Hooking.
11:46 of 3rd period - Ty Mueller wins face-off versus Danila Klimovich in WASHINGTON BLACKHAWKS zone.
12:02 of 3rd period - Icing by Jack Ahcan.
12:03 of 3rd period - Ty Mueller wins face-off versus Danila Klimovich in GUELPH STORM zone.
12:59 of 3rd period - Shot by Nikolai Kovalenko.
12:59 of 3rd period - Stopped by Colten Ellis with a rebound.
13:01 of 3rd period - Shot by Nikolai Kovalenko.
13:01 of 3rd period - Stopped by Colten Ellis with a rebound.
13:03 of 3rd period - Shot by Nikolai Kovalenko.
13:03 of 3rd period - Shot Misses the Net.
13:05 of 3rd period - Shot by Nikolai Kovalenko.
13:05 of 3rd period - Stopped by Colten Ellis without a rebound.
13:06 of 3rd period - Ty Mueller wins face-off versus Danila Klimovich in WASHINGTON BLACKHAWKS zone.
13:25 of 3rd period - Shot by Anton Wahlberg.
13:25 of 3rd period - Stopped by Colten Ellis with a rebound.
13:27 of 3rd period - Shot by Anton Wahlberg.
13:27 of 3rd period - Goal by Anton Wahlberg - GUELPH STORM : 4 - WASHINGTON BLACKHAWKS : 2.
13:28 of 3rd period - Brandon Biro wins face-off versus Samuel Lipkin in neutral zone.
13:39 of 3rd period - Icing by Jack Ahcan.
13:40 of 3rd period - Brandon Biro wins face-off versus Ryan Tverberg in GUELPH STORM zone.
14:02 of 3rd period - Shot by Danila Klimovich.
14:02 of 3rd period - Stopped by Cayden Primeau without a rebound.
14:03 of 3rd period - Ross Johnston wins face-off versus Christian Fischer in GUELPH STORM zone.
14:08 of 3rd period - Shot by Brett Berard.
14:08 of 3rd period - Shot Blocked by Isaac Belliveau.
14:14 of 3rd period - Shot by Nikolai Kovalenko.
14:14 of 3rd period - Shot Misses the Net.
14:16 of 3rd period - Shot by Nikolai Kovalenko.
14:16 of 3rd period - Shot Misses the Net.
14:18 of 3rd period - Shot by Nikolai Kovalenko.
14:18 of 3rd period - Deflect By Christian Fischer.
14:18 of 3rd period - Stopped by Colten Ellis with a rebound.
14:20 of 3rd period - Shot by Judd Caulfield.
14:20 of 3rd period - Stopped by Colten Ellis without a rebound.
14:21 of 3rd period - Anton Wahlberg wins face-off versus Ryan Tverberg in WASHINGTON BLACKHAWKS zone.
14:28 of 3rd period - Shot by Ty Mueller.
14:28 of 3rd period - Stopped by Colten Ellis without a rebound.
14:29 of 3rd period - Ross Johnston wins face-off versus Christian Fischer in WASHINGTON BLACKHAWKS zone.
14:36 of 3rd period - Shot by Brett Berard.
14:36 of 3rd period - Shot Blocked by Christian Fischer.
14:38 of 3rd period - Shot by Brett Berard.
14:38 of 3rd period - Shot Misses the Net.
15:48 of 3rd period - Shot by Danila Klimovich.
15:48 of 3rd period - Shot Misses the Net.
15:50 of 3rd period - Shot by Lleyton Roed.
15:50 of 3rd period - Stopped by Cayden Primeau without a rebound.
15:51 of 3rd period - Ty Mueller wins face-off versus Samuel Lipkin in GUELPH STORM zone.
16:11 of 3rd period - Off-side.
16:12 of 3rd period - Brandon Biro wins face-off versus Brett Berard in neutral zone.
16:37 of 3rd period - Shot by Brett Harrison.
16:37 of 3rd period - Stopped by Colten Ellis without a rebound.
16:38 of 3rd period - Ryan Tverberg wins face-off versus Ty Mueller in WASHINGTON BLACKHAWKS zone.
16:38 of 3rd period - Ryan Tverberg is hit by Graeme Clarke.
16:45 of 3rd period - Danila Klimovich is hit by Jake Furlong and loses puck.
16:48 of 3rd period - Shot by Lleyton Roed.
16:48 of 3rd period - Stopped by Cayden Primeau without a rebound.
16:49 of 3rd period - Ty Mueller wins face-off versus Ryan Tverberg in GUELPH STORM zone.
17:26 of 3rd period - Shot by Anton Wahlberg.
17:26 of 3rd period - Shot Misses the Net.
17:41 of 3rd period - Icing by Rodwin Dionicio.
17:42 of 3rd period - Brandon Biro wins face-off versus Ross Johnston in GUELPH STORM zone.
17:42 of 3rd period - Brandon Biro is hit by Ross Johnston.
17:45 of 3rd period - Brett Harrison is hit by Ross Johnston and loses puck.
18:19 of 3rd period - Shot by Pierrick Dube.
18:19 of 3rd period - Stopped by Cayden Primeau with a rebound.
18:26 of 3rd period - Icing by Jake Furlong.
18:27 of 3rd period - Ryan Tverberg wins face-off versus Brandon Biro in GUELPH STORM zone.
18:28 of 3rd period - Shot by Danila Klimovich.
18:28 of 3rd period - Shot Misses the Net.
18:45 of 3rd period - Danila Klimovich is hit by David Spacek.
18:50 of 3rd period - Lleyton Roed is hit by Isaac Belliveau and loses puck.
19:05 of 3rd period - Shot by Christian Fischer.
19:05 of 3rd period - Shot Misses the Net.
19:07 of 3rd period - Shot by Christian Fischer.
19:07 of 3rd period - Stopped by Colten Ellis without a rebound.
19:08 of 3rd period - Ty Mueller wins face-off versus Brett Berard in WASHINGTON BLACKHAWKS zone.
19:14 of 3rd period - Icing by Mike Reilly.
19:15 of 3rd period - Ty Mueller wins face-off versus Brett Berard in WASHINGTON BLACKHAWKS zone.
19:37 of 3rd period - Shot by Brett Berard.
19:37 of 3rd period - Shot Misses the Net.
19:39 of 3rd period - Shot by Max Sasson.
19:39 of 3rd period - Stopped by Cayden Primeau with a rebound.
19:41 of 3rd period - Shot by Mike Reilly.
19:41 of 3rd period - Goal by Mike Reilly - GUELPH STORM : 4 - WASHINGTON BLACKHAWKS : 3.
19:42 of 3rd period - Danila Klimovich wins face-off versus Christian Fischer in neutral zone.
19:45 of 3rd period - Nikolai Kovalenko is hit by Brett Berard and loses puck.
19:55 of 3rd period - Shot by Christian Fischer.
19:55 of 3rd period - Shot Misses the Net.
Goals for this period are 1 for GUELPH STORM vs 1 for WASHINGTON BLACKHAWKS.
Shots for this period are 19 for GUELPH STORM vs 15 for WASHINGTON BLACKHAWKS.
Back to the Top